Cogmind - Beta 11.1 *** ADVENTURER MODE // 2022.07.18 @ 10:43:54 Player: thefarm Result: Destroyed by S-10 Pest with Light Assault Rifle Performance ------------- Evolutions (1) 500 Regions Visited (3) 600 Robots Destroyed (28) 140 Value Destroyed (658) 658 Prototype IDs (1) 20 Alien Tech Used (0) 0 Bonus (99) 99 TOTAL SCORE: 2017 Bonus ------- Follower Combat Kills 99 Cogmind --------- Core Integrity 0/400 Matter 300/300 Energy 100/100 System Corruption 0% Temperature Cool (0) Movement Core (350) Ox6 Location -9/Materials Parts ------- > --- POWER (2) -------- (None) > --- PROPULSION (2) --- (None) > --- UTILITY (3) ------ Large Storage Unit > --- WEAPON (2) ------- (None) > --- INVENTORY (15) --- Ion Engine Aluminum Leg Peak State ------------ > --- POWER ------------ Improved Ion Engine Improved Ion Engine > --- PROPULSION ------- Aluminum Leg Aluminum Leg > --- UTILITY ---------- Large Storage Unit Sensor Drone Bay > --- WEAPON ----------- Medium Laser > --- INVENTORY -------- Ion Engine Aluminum Leg Datajack [Rating: 16] Favorites ----------- Power Ion Engine Engine Ion Engine Propulsion Aluminum Leg Treads Light Treads Leg Aluminum Leg Utility Small Storage Unit Device Sensor Drone Bay Storage Small Storage Unit Weapon Assault Rifle Energy Gun Medium Laser Ballistic Gun Assault Rifle Special Melee Weapon Datajack Build | -11 -10 -10 -9 ------- Run | Scr Mat Min Mat Slots Evolved 2 | . . . 2 Power 1 | . . . 1 Propulsion . | . . . . Utility 1 | . . . 1 Weapon . | . . . . Parts Attached 20 | 6 6 1 7 Power 4 | 1 1 . 2 Engine 4 | 1 1 . 2 Core . | . . . . Reactor . | . . . . Propulsion 7 | 4 3 . . Treads 2 | 2 . . . Leg 5 | 2 3 . . Wheel . | . . . . Hover . | . . . . Flight . | . . . . Utility 4 | 1 . 1 2 Device 1 | . . 1 . Storage 3 | 1 . . 2 Processor . | . . . . Hackware . | . . . . Protection . | . . . . Artifact . | . . . . Weapon 5 | . 2 . 3 Energy Gun 2 | . . . 2 Energy Cannon . | . . . . Ballistic Gun 2 | . 2 . . Ballistic Cannon . | . . . . Launcher . | . . . . Special Weapon . | . . . . Impact Weapon . | . . . . Slashing Weapon . | . . . . Piercing Weapon . | . . . . Special Melee Weapon 1 | . . . 1 Unidentified Prototypes 1 | . . 1 . Parts Lost 11 | . . . 11 Power 3 | . . . 3 Propulsion 2 | . . . 2 Utility 1 | . . . 1 Weapon 5 | . . . 5 Highest Loss Streak 4 | . . . 4 To Critical Strikes . | . . . . Average Slot Usage (%) 83 | . 81 99 67 Engine 12 | . 13 14 10 Leg 25 | . 27 28 17 Device 7 | . . 13 11 Storage 13 | . 14 14 11 Energy Gun 2 | . . . 7 Ballistic Gun 21 | . 25 28 8 Naked Turns . | . . . . Heaviest Build 51 | 10 13 27 51 Greatest Support 40 | 40 20 20 20 Greatest Overweight (x) 16 | 3 . 1 16 Average Overweight (x) . | . . . 2 Largest Inventory Capacity 15 | 8 8 8 15 Average Capacity 9 | 7 8 8 14 Most Carried 8 | 4 8 8 7 Average Carried 5 | 3 7 7 3 Final Capacity 15 | 8 8 8 15 Final Carried 8 | 4 8 7 2 Class Distribution -------------------- 100% | Mutant Dominant Class ---------------- Mutant | -10/Materials Mutant | -10/Mines Mutant | -9/Materials Resources | -11 -10 -10 -9 ----------- Run | Scr Mat Min Mat Matter Collected 533 | 254 219 . 60 Remotely . | . . . . Salvage Created 839 | . 522 . 317 Parts 55 | . 32 . 23 Haulers Intercepted . | . . . . Recyclers Shooed 1 | . 1 . . Parts Field Recycled . | . . . . Retrieved Matter . | . . . . Parts Self-Destructed . | . . . . Prevented . | . . . . Kills | -11 -10 -10 -9 ------- Run | Scr Mat Min Mat Combat Hostiles Destroyed 25 | . 12 . 13 Guns 24 | . 12 . 12 Classes Destroyed 5 | . 4 . 1 Recycler 1 | . 1 . . Watcher 2 | . 2 . . Swarmer 12 | . 3 . 9 Grunt 11 | . 9 . 2 Sentry 2 | . . . 2 Best Kill Streak 5 | . 5 . 5 Combat Bots Only 5 | . 3 . 5 Max Kills in Single Turn 1 | . 1 . 1 Gunslinging . | . . . . Exploded . | . . . . Melee . | . . . . Uniques/NPCs Destroyed . | . . . . Combat | -11 -10 -10 -9 -------- Run | Scr Mat Min Mat Damage Taken 1893 | . 459 7 1427 Core 480 | . 79 . 401 Absorbed by Shields . | . . . . Regen/Repaired (Parts) 55 | . 55 . . Core Remaining (%) 84 | 100 . 68 . Volleys Fired 79 | . 39 . 40 Largest 2 | . 2 . 2 Hottest 90 | . 40 . 90 Shots Fired 132 | . 78 . 54 Gun 132 | . 78 . 54 Cannon . | . . . . Launcher . | . . . . Special . | . . . . Kinetic 92 | . 78 . 14 Thermal 40 | . . . 40 Explosive . | . . . . Electromagnetic . | . . . . Robot Hit Streak 16 | . 16 . 13 Robot Miss Streak 2 | . 2 . 2 Penetration Max . | . . . . Secondary Targets 8 | . 5 . 3 Max Gunslinging Chain 1 | . 1 . 1 Shots Hit Robots 109 | . 63 . 46 Core Hits 48 | . 31 1 16 Critical Kills . | . . . . Critical Parts Destroyed 1 | . . . 1 Critical Strikes 6 | . . . 6 Burn 5 | . . . 5 Destroy 1 | . . . 1 Melee Attacks 2 | . . . 2 Impact . | . . . . Slashing . | . . . . Piercing . | . . . . Sneak Attacks 1 | . . . 1 Combat Hostiles . | . . . . Follow-up Attacks . | . . . . Damage Inflicted 1286 | . 725 14 547 Guns 1242 | . 697 . 545 Cannons . | . . . . Explosions . | . . . . Melee . | . . . . Ramming 44 | . 28 14 2 Kinetic 804 | . 697 . 107 Thermal 438 | . . . 438 Explosive . | . . . . Electromagnetic . | . . . . Impact . | . . . . Slashing . | . . . . Piercing . | . . . . Highest Corruption . | . . . . Average Corruption . | . . . . Corruption Purged . | . . . . Corruption Blocked . | . . . . Overload Shots . | . . . . Overflow Damage . | . . . . Projectiles . | . . . . Explosions . | . . . . Melee . | . . . . Knockbacks 1 | . 1 . . Impact 1 | . 1 . . Kinetic . | . . . . Secondary . | . . . . Self-Inflicted Damage . | . . . . Shots . | . . . . Rammed . | . . . . Targets Rammed 12 | . 7 4 1 Kicked 12 | . 7 4 1 Crushed . | . . . . Highest Temperature 240 | . 18 . 240 Average Temperature 52 | . 7 . 79 Received Heat Transfer 804 | . 315 . 489 Effects 1 | . . . 1 Interference 1 | . . . 1 Siege Activations . | . . . . Robots Corrupted . | . . . . Combat Hostiles . | . . . . Parts Fried . | . . . . Impact Corruptions 1 | . . 1 . Robots Melted 1 | . . . 1 Combat Hostiles 1 | . . . 1 Parts Melted 6 | . . . 6 Heat Transferred 1606 | . . . 1606 Parts Sabotaged . | . . . . Parts Stolen . | . . . . Parts Stripped . | . . . . Power Chain Reactions . | . . . . Missiles Intercepted . | . . . . Alert | -11 -10 -10 -9 ------- Run | Scr Mat Min Mat Peak Influence 276 | . 276 76 182 Initial 7 | . . . 7 Average 43 | . 76 24 62 Maximum Alert Level 1 | . 1 . . Low Security (%) 98 | 100 95 100 100 Level 1 1 | . 4 . . Level 2 . | . . . . Level 3 . | . . . . Level 4 . | . . . . Level 5 . | . . . . High Security . | . . . . Max Security . | . . . . Squads Dispatched 4 | . 2 . 2 Investigation 2 | . 2 . . Extermination . | . . . . Reinforcement 2 | . . . 2 Assault . | . . . . Garrison . | . . . . Intercept . | . . . . Searches Triggered . | . . . . Construction Impeded . | . . . . Haulers Reinforced . | . . . . Active Scanning Responses . | . . . . Cargo Convoy Interrupts . | . . . . Stealth | -11 -10 -10 -9 --------- Run | Scr Mat Min Mat Distress Signals 4 | . 1 . 3 Communications Jammed . | . . . . Distress Signals . | . . . . Times Spotted 42 | . 18 4 20 Peak Tracking Total 6 | . 4 3 6 Tactical Retreats 2 | . 2 . . Traps | -11 -10 -10 -9 ------- Run | Scr Mat Min Mat Traps Triggered . | . . . . Indirectly . | . . . . Trap Hack Attempts . | . . . . Triggered . | . . . . Disarmed . | . . . . Reprogrammed . | . . . . Reused . | . . . . Traps Extracted . | . . . . Installed . | . . . . Triggered . | . . . . Machines | -11 -10 -10 -9 ---------- Run | Scr Mat Min Mat Machines Disabled 1 | . . 1 . Max in Single Turn . | . . . . Machines Sabotaged . | . . . . Garrisons Compromised . | . . . . Overloaded Fab Kills . | . . . . Hacking | -11 -10 -10 -9 --------- Run | Scr Mat Min Mat Machines Accessed 10 | . 8 1 1 Terminals 7 | . 6 . 1 Fabricators . | . . . . Repair Stations 1 | . 1 . . Recycling Units 1 | . 1 . . Scanalyzers . | . . . . Garrison Access . | . . . . Total Hacks 24 | . 21 1 2 Successful 23 | . 20 1 2 Failed 1 | . 1 . . Catastrophic . | . . . . Database Lockouts . | . . . . Manual . | . . . . Terminals 18 | . 16 . 2 Fabricators . | . . . . Repair Stations 4 | . 4 . . Recycling Units 1 | . 1 . . Scanalyzers . | . . . . Garrison Access . | . . . . Terminal Hacks 18 | . 15 1 2 Record 12 | . 10 . 2 Open Door 1 | . . 1 . Alert Level 2 | . 2 . . Maintenance Status 2 | . 2 . . Investigation Status 1 | . 1 . . Fabricator Hacks . | . . . . Repair Station Hacks 4 | . 4 . . Scan Component 2 | . 2 . . Repair 2 | . 2 . . Recycling Unit Hacks 1 | . 1 . . Process 1 | . 1 . . Scanalyzer . | . . . . Garrison Access Hacks . | . . . . Unauthorized Hacks . | . . . . Terminals . | . . . . Fabricators . | . . . . Repair Stations . | . . . . Recycling Units . | . . . . Scanalyzers . | . . . . Garrison Access . | . . . . Data Cores Recovered . | . . . . Used . | . . . . Hacking Detections 6 | . 5 . 1 Full Trace Events 2 | . 2 . . Feedback Events . | . . . . Feedback Blocked . | . . . . Robot Schematics Acquired . | . . . . Robots Built . | . . . . Authchips . | . . . . Time . | . . . . Total Robot Build Rating . | . . . . Part Schematics Acquired . | . . . . Parts Built . | . . . . Authchips . | . . . . Time . | . . . . Total Part Build Rating . | . . . . Parts Repaired 2 | . 2 . . Time 52 | . 52 . . Parts Recycled . | . . . . Recycled Matter 11 | . 11 . . Retrieved Matter . | . . . . Retrieved Components . | . . . . Parts Scanalyzed . | . . . . Part Schematics Acquired . | . . . . Parts Damaged . | . . . . Bothacking | -11 -10 -10 -9 ------------ Run | Scr Mat Min Mat Used RIF Installer . | . . . . Robots Hacked 1 | . . . 1 Non-combat . | . . . . Combat 1 | . . . 1 Robot Hacks Applied 1 | . . . 1 parse_system 1 | . . . 1 Relay Couplers Released . | . . . . Fabnet Peak Effective % . | . . . . Robots Rewired . | . . . . Allies Hacked . | . . . . Hacks Repelled . | . . . . Allies | -11 -10 -10 -9 -------- Run | Scr Mat Min Mat Total Allies 5 | . . 5 . Largest Group 5 | . . 5 1 Highest-Rated Group 82 | . . 82 28 Highest-Rated Ally 31 | . . 31 28 Total Orders . | . . . . Ally Attacks 26 | . . 24 2 Total Damage 259 | . . 259 . Kills 7 | . . 7 . Allies Corrupted . | . . . . Allies Melted . | . . . . Intel | -11 -10 -10 -9 ------- Run | Scr Mat Min Mat Robot Analysis Total . | . . . . Derelict Logs Recovered . | . . . . Drone Launches 20 | . . 20 . Drone Recoveries 20 | . . . 20 Exploration | -11 -10 -10 -9 ------------- Run | Scr Mat Min Mat Turns Passed 4252 | 1023 1389 961 879 Spaces Moved 2121 | 354 1045 451 271 Core 65 | 42 . . 23 Treads 7 | 7 . . . Legs 2049 | 305 1045 451 248 Wheels . | . . . . Hover . | . . . . Flight . | . . . . Fastest Speed 50 | 50 120 120 190 Average Speed 154 | 116 120 188 283 Slowest Speed 850 | 200 120 190 850 Overloaded Moves . | . . . . Propulsion Burnouts . | . . . . Robots Hopped . | . . . . Cave-ins Triggered . | . . . . Exploration Rate (%) 54 | 30 96 66 26 Regions Visited 3 Branch Regions 1 Pre-discovered Areas . | . . . . Known Exits Taken 1 | . . 1 . Unknown Exits Taken 2 | 1 1 . . Scrap Searched . | . . . . Spaces Dug . | . . . . Terrain Destroyed . | . . . . Melee . | . . . . Projectile . | . . . . AOE . | . . . . Terrain Rammed . | . . . . Walls Destroyed . | . . . . Machines Disabled . | . . . . Actions | -11 -10 -10 -9 --------- Run | Scr Mat Min Mat Total 2960 | 965 1109 561 325 Wait 695 | 594 . 101 . Move 2118 | 353 1044 450 271 Hop . | . . . . Pick Up 24 | 10 10 2 2 Fast Attach 4 | . 1 1 2 Attach 16 | 6 5 . 5 Detach . | . . . . Swap . | . . . . Drop 10 | 2 3 3 2 Fire 79 | . 39 . 40 Melee 2 | . . . 2 Ram . | . . . . Kick 12 | . 7 4 1 Crush . | . . . . Escape Stasis . | . . . . Rewire . | . . . . Trap . | . . . . Miscellaneous . | . . . . Route ------- -11/Scrapyard -10/Materials (discovered 4 exits: *Mat x3 / *Min) -10/Mines (discovered 2 exits: *Mat x2) -9/Materials History --------- Turn | Location | Event 7 | -11/Scrapyard | Discovered new exit (range 13) 1024 | -11/Scrapyard | Entered Materials 1025 | -10/Materials | Build established: Mutant 1142 | -10/Materials | Discovered new exit (range 7) 1272 | -10/Materials | Discovered new exit (range 14) 1758 | -10/Materials | Repaired Aluminum Leg 1784 | -10/Materials | Repaired Ion Engine 2065 | -10/Materials | Discovered new exit (range 8) 2270 | -10/Materials | Discovered new exit (range 16) 2413 | -10/Materials | Entered Mines 2418 | -10/Mines | Found the Drone Emporium 2428 | -10/Mines | Found Prototype Device 2428 | -10/Mines | Identified Sensor Drone Bay 2479 | -10/Mines | Discovered new exit (range 9) 2819 | -10/Mines | Assisted by bots powering up and referring to "LRC-V3" 3003 | -10/Mines | Discovered new exit (range 6) 3122 | -10/Mines | Excavation squad dispatched 3122 | -10/Mines | A large section of the Mines collapsed 3300 | -10/Mines | Identified exit to Materials 3374 | -10/Mines | Entered Materials 3374 | -9/Materials | Accompanied by 21 allies 3374 | -9/Materials | Evolved 2 slots: Power x1, Utility x1 3379 | -9/Materials | Led the pair of lost Derelicts to an unsafe place 4174 | -9/Materials | Core integrity fell below 50% 4198 | -9/Materials | Lost 4 parts (2p2w) 4221 | -9/Materials | Core integrity fell below 20% 4253 | -9/Materials | Destroyed by S-10 Pest with Light Assault Rifle Last Messages --------------- G-34 Mercenary overheating. G-34 Mercenary heat damages Aluminum Leg, Heat Sink. Sensor Drone retrieved by Sensor Drone Bay. S-10 Pest destroyed. Jacked G-34 Mercenary... Right-click on available options for more info. Keyboard players can use Shift-a~z. >>parse_system Reading system data... Sensor Drone retrieved by Sensor Drone Bay. Sneak attack on T-07 Excavator. Jacked T-07 Excavator... Imp. Ion Engine destroyed. Sensor Drone retrieved by Sensor Drone Bay. K-01 Serf collects debris. Med. Laser destroyed. Imp. Ion Engine destroyed. K-01 Serf collects debris. Datajack destroyed. Sensor Drone Bay destroyed. Map ----- +----------------------------------------------------+ | ?????????????????????????????????# #?????? | | ?????????????????????????????????# #?????? | | ????????????????????????????????## ##????? | | ????????????????????????????????# +????? | | ????????????????????????????????# #????? | | ????????????????????????????????# #????? | | ????????????????????????????????# #????? | | ??????????????????????????####### #????? | | ??????????????????????????# # #????? | | ??????????????????????????# """# ##???? | | ??????????????????????????# """# T#???? | | ??????????????????????????# """# ###### | | ??????????????????????????# # # | | ??????????????????????????# + + """ | | ??????????????????????????# # # """ | | ??????????????????????????####### # """ | | ????????????????????????????????# # | | ????????????????????????????????# ###### | | ????????????????????????????????# #????? | | ????????????????????????????????# #????? | | ????????????????????????????????# ###### | | ???????????# ???????????????????# # | | ???????????# ??????????????????# # | | ?????####### ###############??# # """ | | ????# a = #??# #%""" | | ????# @ %=s #??# +%""" | | ????# g #??# [%#[%**! | | ????# ###+######+####### #??#=%=#=[%%= | | ?????????????????????????# #??#%%*#==%[* | | ?????????????????????????# #??#%*=###### | | ?????????????????????????# ####[ # ! | | ?????????????????????????# # | | ?????????????????????##### # """ | | ?????????????????????+ # R" | | ?????????????????????######+######### """ | | ?????????????????????# [= #??# | | ?????????????????????# """%""" ######### | | ?????????????????????# "" *""" # """ ! | | ?????????????????????# "" !""" # "T" | | ????????????????????## """%""" # | | ????????????????????# # | | ????????????????????## ######### | | ?????????????????????#############???????? | | | | | | | | | | | | | | | +----------------------------------------------------+ Best States ------------- Heat Dissipation 28 Energy Generation 19 Energy Capacity 430 Matter Stores 300 Matter Capacity 300 Sight Range 16 Terrain Scan Density 10 Resistance: KI 20 Resistance: TH 20 Resistance: EX 20 Resistance: EM 20 Resistance: I 20 Resistance: S 20 Resistance: P 20 Evasion (%) 55 Recoil Reduction 2 Offensive Hacking 10 Item Schematics ----------------- None Robot Schematics ------------------ None Fabricated ------------ Nothing Alien Tech Used ----------------- None Achievements -------------- It's Just You Release The Drones! Risk Taker The More The Merrier Challenges ------------ None Game ------ Seed LightNodeChainsword Manual? 0 Play Time 00:29:28 Cumulative 2.4 hours Start 2022.07.18 @ 10:14:15 End 2022.07.18 @ 10:43:54 Sessions 1 Manual Loads 0 Difficulty Adventurer Special Mode None Game No. 7 Rogue 0 Adventurer 7 Explorer 0 Win Type - Total 0 Types 0/0/0/0/0/0/0/0/0 Lore% 2 Gallery% 4 Achievement% 6 Wizard Run 0 Options --------- ASCII 0 Keyboard 0 Movement Arrows Keybinds 0 Fullscreen 1 Font 18/SmallcapsGlow Map View 76x50 Tactical HUD 0 Map Filters NONE Filters NONE Steam 1 RUN: 067e693e-06fe-4f78-8d9d-a03c7f097165